 Dungeon Crawl Stone Soup version 0.21.1-1-g345015f (webtiles) character file.

44008 vatarom the Transmogrifier (level 13, -9/107 HPs)
             Began as a Red Draconian Transmuter on Apr 27, 2018.
             Was a Priest of Makhleb.
             Mangled by a tyrant leech (32 damage)
             ... on level 6 of the Lair of Beasts.
             The game lasted 00:57:02 (22528 turns).

vatarom the Transmogrifier (DrTm)                  Turns: 22528, Time: 00:57:03

Health: -9/107     AC: 11    Str: 14    XL:     13   Next: 93%
Magic:  22/25      EV: 16    Int: 17    God:    Makhleb [***...]
Gold:   822        SH:  6    Dex: 16    Spells: 11/28 levels left

rFire    + + .     SeeInvis +     - Unarmed
rCold    . . .     Gourm    .   (shield currently unavailable)
rNeg     . . .     Faith    .   (armour unavailable)
rPois    .         Spirit   .   F - +2 hat {MR+}
rElec    .         Reflect  +   (no cloak)
rCorr    .         Harm     .   (gloves currently unavailable)
MR       +++..                  z - +0 pair of boots
Stlth    +.........             m - +6 amulet of reflection
HPRegen  0.27/turn              p - ring of see invisible
MPRegen  0.19/turn              y - ring "Xedan" {rF+ MR++ Int+2}

@: blade hands, very slightly contaminated, hasted and slowed
A: breathe fire, unfitting armour, talons 1, fire resistance 1, strong 1,
cold-blooded, AC +8
a: Breathe Fire, End Transformation, Minor Destruction, Lesser Servant of
Makhleb, Renounce Religion


You were on level 6 of the Lair of Beasts.
You worshipped Makhleb.
Makhleb was most pleased with you.
You were not hungry.
You had blades for hands.
You visited 3 branches of the dungeon, and saw 18 of its levels.
You also visited: Bailey.

You collected 1182 gold pieces.
You spent 360 gold pieces at shops.

Inventory:

Missiles
 a - 96 arrows
 w - 76 tomahawks of returning (quivered)
 C - a throwing net
Armour
 r - a +2 cloak
 z - a +0 pair of boots (worn)
 D - a +2 buckler of cold resistance (melded)
 F - a +2 hat of magic resistance (worn)
 G - a +2 pair of gloves (melded)
Jewellery
 m - a +6 amulet of reflection (around neck)
 p - a ring of see invisible (left scythe-like blade)
 y - the ring "Xedan" (right scythe-like blade) {rF+ MR++ Int+2}
   (You acquired it on level 8 of the Dungeon)

   [ring of intelligence]

   It affects your intelligence (+2).
   It protects you from fire.
   It affects your resistance to hostile enchantments.
Wands
 h - a wand of random effects (34)
 k - a wand of disintegration (39)
 A - a wand of enslavement (10)
 E - a wand of polymorph (10)
Scrolls
 f - a scroll of amnesia
 g - 11 scrolls of remove curse
 n - 3 scrolls of enchant weapon
 t - 2 scrolls of magic mapping
 I - a scroll of holy word
Potions
 i - 2 potions of haste
 l - 2 potions of flight
 o - 3 potions of brilliance
 q - 2 potions of invisibility
 u - 3 potions of might
 x - 3 potions of magic
 B - a potion of cancellation {unknown}
Books
 b - a book of Geomancy

   Spells                             Type                      Level
   a - Sandblast                      Earth                        1
   b - Passwall                       Transmutation/Earth          2
   c - Stone Arrow                    Conjuration/Earth            3
   d - Petrify                        Transmutation/Earth          4
   e - Lee's Rapid Deconstruction     Earth                        5
 j - a book of Maledictions

   Spells                             Type                      Level
   a - Corona                         Hexes                        1
   b - Ensorcelled Hibernation        Hexes/Ice                    2
   c - Confuse                        Hexes                        3
   d - Tukima's Dance                 Hexes                        3
   e - Dazzling Spray                 Conjuration/Hexes            3
Miscellaneous
 d - a phantom mirror
 e - a fan of gales (inert)
Comestibles
 c - 11 rations


   Skills:
 - Level 7.8 Fighting
 - Level 5.5 Dodging
 - Level 5.0 Shields
 + Level 12.3 Unarmed Combat
 - Level 8.2 Spellcasting
 * Level 12.8 Transmutations
 - Level 3.6 Ice Magic
 - Level 10.4 Invocations


You had 11 spell levels left.
You knew the following spells:

 Your Spells              Type           Power        Failure   Level  Hunger
a - Beastly Appendage     Tmut           ######       6%          1    None
b - Sticks to Snakes      Tmut           ######..     7%          2    None
c - Spider Form           Tmut/Pois      ####......   22%         3    #......
d - Ice Form              Ice/Tmut       #####...     26%         4    ###....
e - Shroud of Golubria    Chrm/Tloc      #.........   56%         2    None
f - Blade Hands           Tmut           ######....   17%         5    #####..


Dungeon Overview and Level Annotations

Branches:
Dungeon (11/15)            Temple (1/1) D:6            Lair (6/6) D:10
 Shoals (0/4) Lair:3        Snake (0/4) Lair:3        Slime (0/5) Lair:5
    Orc (0/2) D:10

Altars:
Ashenzari
Cheibriados
Dithmenos
Elyvilon
Fedhas
Gozag
Hepliaklqana
Kikubaaqudgha
Makhleb
Nemelex Xobeh
Okawaru
Qazlal
Ru
Sif Muna
Trog
Uskayaw
Vehumet
Wu Jian
Xom
Yredelemnul
Zin
The Shining One
Beogh

Shops:
D:6 ?[}?!   D:8 :   D:10 :[}[

Annotations:
D:4 kirsanium's ghost, novice DsFE
Lair:6 1 runed door


Innate Abilities, Weirdness & Mutations

You can breathe blasts of fire.
Your fiery red scales are hard. (AC +8)
You cannot fit into any form of body armour.
Your flesh is heat resistant. (rF+)
You are cold-blooded and may be slowed by cold attacks.
You have sharp toenails.
Your muscles are strong. (Str +2)


Message History

The tyrant leech dies!
Makhleb accepts your kill. The torpor snail bites you.
* * * LOW HITPOINT WARNING * * *
You slice the tyrant leech!!
The tyrant leech is heavily wounded.
Unknown command.
Your orange demon stings the tyrant leech!
Your orange demon barely misses the tyrant leech.
A demon appears!
You feel yourself speed up.
The tyrant leech bites your orange demon!
Being near the torpor snail leaves you feeling lethargic.
Unknown command.
You slice the tyrant leech!!
Your tail-slap misses the tyrant leech.
The tyrant leech is almost dead.
Your orange demon closely misses the tyrant leech.
Your orange demon hits the tyrant leech but does no damage.
The tyrant leech bites you!!
You die...

###.....## .#
###....###### .#
##......#.# #
#.#.......###
####........## #
#.#...####...## #
###...#.# ##.†w##
# ##....#.##
###w.# #......##
##@4.# ##....:.#
###....#
#.......#
#...4.##
#......## #....[#
##.....# ##....#
####### ###.## ##
###### .#######
####.###
.......###P.....#


You could see a tyrant leech, a torpor snail, a friendly orange demon and a
friendly hellwing.

Vanquished Creatures
  2 hydras (Lair:4)
  A catoblepas (Lair:6)
  Erica (D:9)
  A death yak (Lair:2)
  Pikel (D:4)
  3 lindwurms (Lair:6)
  An orc knight (Bailey)
  2 manticores (Lair:6)
  An ugly thing (D:11)
  A black mamba (Lair:6)
  8 elephants
  A merfolk siren (Lair:3)
  13 spiny frogs
  5 torpor snails (Lair:6)
  4 komodo dragons
  5 rime drakes
  A tyrant leech (Lair:6)
  6 hornets
  6 blink frogs
  10 hippogriffs
  3 dream sheep (Lair:4)
  Sigmund (D:3)
  3 wyverns
  23 yaks
  A human (D:7)
  4 hogs (D:7)
  7 basilisks
  2 hungry ghosts (D:8)
  3 nagas (Lair:3)
  10 water moccasins
  9 porcupines
  5 orc warriors
  An ice beast (D:5)
  A sky beast (D:9)
  4 ogres
  4 black bears
  2 phantoms
  2 necrophages
  17 wolves
  8 centaurs
  14 crocodiles
  A big kobold (D:9)
  An elf zombie (D:9)
  11 bullfrogs
  2 water moccasin zombies
  3 scorpions
  12 killer bees
  3 wights (D:9)
  A howler monkey (D:9)
  3 electric eels
  2 crimson imps
  A bullfrog zombie (D:9)
  A centaur zombie (D:9)
  2 human zombies (D:9)
  2 jellies
  6 orc priests
  2 hounds
  A bullfrog skeleton (D:9)
  2 centaur skeletons
  7 orc wizards
  Terence (D:2)
  Jessica (D:3)
  Ijyb (D:3)
  2 iguanas
  9 worker ants
  2 hound skeletons
  4 mummies (D:9)
  A howler monkey skeleton (D:10)
  15 adders
  19 gnolls
  4 shadow imps
  3 oozes
  2 adder skeletons
  3 dart slugs
  6 leopard geckos
  36 orcs
  A ball python (D:2)
  9 bats
  4 giant cockroaches
  12 goblins
  13 hobgoblins
  11 jackals
  2 quokkas
  4 frilled lizards
  A jackal skeleton (D:4)
  18 kobolds
  2 leopard gecko skeletons
  An orc skeleton (D:9)
  An orc zombie (D:9)
  7 rats
  A plant (Lair:5)
456 creatures vanquished.

Vanquished Creatures (collateral kills)
  Gastronok (Lair:1)
  An ettin (Lair:1)
  5 hydras
  3 death yaks (Lair:2)
  A black mamba (Lair:6)
  A torpor snail (Lair:6)
  2 spiny frogs
  3 hippogriffs
  A hornet (Lair:6)
  A tyrant leech (Lair:6)
  2 dream sheep
  A wyvern (Lair:4)
  A water moccasin (Lair:1)
  3 wolves (Lair:4)
  A centaur (D:11)
  3 crocodiles
  An orc wizard (D:5)
  A gnoll (D:6)
  A worm (D:2)
  An orc (D:5)
  A kobold (D:9)
35 creatures vanquished.

Vanquished Creatures (others)
  3 slaves (D:4)
  A phantom (D:4)
  3 adders (D:4)
  An orc (D:4)
  A hobgoblin (Bailey)
  A kobold (Bailey)
  A quokka (D:4)
  21 fungi
  21 plants
53 creatures vanquished.

Grand Total: 544 creatures vanquished

Notes
Turn   | Place    | Note
-------+----------+-------------------------------------------
     0 | D:1      | vatarom the Draconian Transmuter began the quest for the Orb.
     0 | D:1      | Reached XP level 1. HP: 16/16 MP: 3/3
   344 | D:1      | Reached XP level 2. HP: 17/23 MP: 3/5
   399 | D:1      | Learned a level 2 spell: Sticks to Snakes
   673 | D:1      | Found an iron altar of Okawaru.
   743 | D:2      | Reached XP level 3. HP: 21/28 MP: 4/6
  1316 | D:2      | Learned a level 3 spell: Spider Form
  1373 | D:2      | Reached XP level 4. HP: 35/35 MP: 7/7
  1401 | D:2      | Found a glowing golden altar of the Shining One.
  1541 | D:2      | Noticed Terence
  1587 | D:2      | Killed Terence
  2123 | D:3      | Reached XP level 5. HP: 14/40 MP: 4/8
  2185 | D:3      | Noticed Jessica
  2498 | D:3      | Noticed Sigmund
  2504 | D:3      | Killed Sigmund
  2504 | D:3      | Reached skill level 5 in Unarmed Combat
  2504 | D:3      | Reached XP level 6. HP: 39/47 MP: 5/9
  2524 | D:3      | Noticed Ijyb
  2529 | D:3      | Found an ornate altar of the Wu Jian Council.
  2529 | D:3      | Found a white marble altar of Elyvilon.
  2541 | D:3      | Killed Ijyb
  2541 | D:3      | Reached skill level 5 in Transmutations
  2668 | D:3      | Killed Jessica
  3093 | D:3      | Found a bloodstained altar of Trog.
  3093 | D:3      | Found a deep blue altar of Sif Muna.
  3144 | D:4      | Noticed a slave
  3144 | D:4      | Noticed a slave
  3145 | D:4      | Noticed a slave
  3149 | D:4      | Noticed a slave
  3361 | D:4      | Noticed Pikel
  3373 | D:3      | Your scales start taking on a fiery red colour.
  3373 | D:3      | Reached XP level 7. HP: 33/52 MP: 3/10
  3373 | D:3      | Gained mutation: Your flesh is heat resistant. (rF+) [Red Draconian growth]
  3587 | D:4      | Noticed kirsanium's ghost (novice DsFE)
  3676 | D:4      | HP: 1/52 [kirsanium's ghost/flame tongue (19)]
  4023 | D:4      | Killed Pikel
  4023 | D:4      | Reached XP level 8. HP: 9/59 MP: 9/11
  4328 | D:4      | Found an opulent altar of Gozag.
  4477 | D:5      | Entered Level 5 of the Dungeon
  4567 | D:5      | Learned a level 4 spell: Ice Form
  4662 | D:5      | Reached skill level 1 in Ice Magic
  5263 | D:5      | Found a radiant altar of Vehumet.
  5722 | D:6      | Found Jupnise's Distillery.
  5730 | D:6      | Bought a potion of heal wounds for 55 gold pieces
  5730 | D:6      | Bought a potion of heal wounds for 55 gold pieces
  5730 | D:6      | Bought a potion of heal wounds for 55 gold pieces
  5733 | D:6      | Found a blossoming altar of Fedhas.
  5768 | D:6      | Found Puix's Antique Armour Boutique.
  5773 | D:6      | Found Yqups's Gadget Emporium.
  5969 | D:6      | Found Tibiukyps's Magic Scroll Boutique.
  6010 | D:6      | Found a hazy altar of Hepliaklqana.
  6067 | D:6      | Found Turoonua's Magic Scroll Shoppe.
  6172 | D:6      | Found a sacrificial altar of Ru.
  6179 | D:6      | Found a shadowy altar of Dithmenos.
  6414 | D:6      | Found a staircase to the Ecumenical Temple.
  6419 | Temple   | Entered the Ecumenical Temple
  6622 | Temple   | Became a worshipper of Makhleb the Destroyer
  6762 | D:7      | Reached XP level 9. HP: 42/71 MP: 5/12
  7024 | D:7      | Found a flagged portal.
  7080 | Bailey   | Entered a bailey
  7201 | Bailey   | Reached * piety under Makhleb
  7506 | Bailey   | Reached skill level 5 in Fighting
  7538 | Bailey   | Noticed an orc knight
  7548 | Bailey   | Killed an orc knight
  7548 | Bailey   | Reached skill level 1 in Invocations
  8410 | D:7      | Reached XP level 10. HP: 59/84 MP: 4/13
  8652 | D:7      | Found a sacrificial altar of Ru.
  8922 | D:8      | Reached skill level 1 in Shields
  8979 | D:8      | Found Jeq Dipra's Book Emporium.
  9178 | D:8      | Reached ** piety under Makhleb
  9533 | D:8      | Identified a scroll of acquirement
  9542 | D:8      | Got a transparent steel ring
  9543 | D:8      | Identified the ring "Xedan" {rF+ MR++ Int+2} (You acquired it on level 8 of the Dungeon)
  9743 | D:9      | Noticed Erica
  9753 | D:9      | Killed Erica
  9767 | D:9      | Reached skill level 5 in Invocations
  9850 | D:9      | Reached *** piety under Makhleb
 10231 | D:9      | Found a basalt altar of Yredelemnul.
 10306 | D:10     | Entered Level 10 of the Dungeon
 10306 | D:10     | Found Wororaev's Gadget Emporium.
 10405 | D:10     | Reached XP level 11. HP: 92/92 MP: 15/15
 10427 | D:10     | Reached skill level 10 in Unarmed Combat
 10461 | D:10     | Learned a level 2 spell: Shroud of Golubria
 10529 | D:10     | Found Caodghuo's Antique Armour Shop.
 10572 | D:10     | Bought a shiny buckler for 195 gold pieces
 10698 | D:10     | Found a staircase to the Orcish Mines.
 10723 | D:10     | Found Tuczesed's Book Emporium.
 10782 | D:10     | Reached **** piety under Makhleb
 10838 | D:10     | Found Pes Buorph's Antique Armour Boutique.
 10936 | D:10     | Found a staircase to the Lair.
 11052 | D:10     | Found a roughly hewn altar of Beogh.
 11681 | D:11     | Noticed a green ugly thing
 11714 | D:11     | Killed a green ugly thing
 11775 | Lair:1   | Entered Level 1 of the Lair of Beasts
 11810 | Lair:1   | Reached skill level 5 in Shields
 11887 | Lair:1   | Reached skill level 10 in Transmutations
 12093 | Lair:1   | Noticed an eight-headed hydra
 12096 | Lair:1   | Noticed an ettin
 12096 | Lair:1   | an eight-headed hydra changed into an ettin
 12103 | Lair:1   | Killed an ettin
 12292 | Lair:1   | Noticed Gastronok
 12347 | Lair:1   | Killed Gastronok
 12347 | Lair:1   | Reached skill level 5 in Spellcasting
 13399 | Lair:1   | Learned a level 5 spell: Blade Hands
 13500 | Lair:2   | Reached XP level 12. HP: 100/100 MP: 14/20
 14037 | Lair:2   | Noticed a death yak
 14037 | Lair:2   | Noticed a death yak
 14042 | Lair:2   | Noticed a death yak
 14044 | Lair:2   | Noticed a death yak
 14052 | Lair:2   | Killed a death yak
 14060 | Lair:2   | Killed a death yak
 14070 | Lair:2   | Killed a death yak
 14086 | Lair:2   | Killed a death yak
 14386 | Lair:3   | Found a staircase to the Shoals.
 14390 | Lair:3   | Found a staircase to the Snake Pit.
 16257 | Lair:4   | Noticed an eight-headed hydra
 16272 | Lair:4   | Killed an eight-headed hydra
 16528 | Lair:4   | Noticed a four-headed hydra
 16647 | Lair:4   | Killed a four-headed hydra
 17037 | Lair:4   | Noticed a seven-headed hydra
 17056 | Lair:4   | Killed a seven-headed hydra
 17094 | Lair:4   | Reached XP level 13. HP: 75/105 MP: 15/25
 17161 | Lair:4   | Gained mutation: Your muscles are strong. (Str +2) [potion of mutation]
 17161 | Lair:4   | Gained mutation: You tend to lose your temper in combat. [potion of mutation]
 17161 | Lair:4   | Gained mutation: You have a pair of small horns on your head. [potion of mutation]
 17161 | Lair:4   | Gained mutation: You are resistant to hostile enchantments. (MR+) [potion of mutation]
 17162 | Lair:4   | Lost mutation: You tend to lose your temper in combat. [potion of mutation]
 17162 | Lair:4   | Lost mutation: You are resistant to hostile enchantments. (MR+) [potion of mutation]
 17162 | Lair:4   | Lost mutation: Your muscles are strong. (Str +2) [potion of mutation]
 17162 | Lair:4   | Lost mutation: You have a pair of small horns on your head. [potion of mutation]
 17162 | Lair:4   | Gained mutation: You are clumsy. (Dex -2) [potion of mutation]
 17162 | Lair:4   | Gained mutation: Your large and strong wings let you fly indefinitely. [potion of mutation]
 17162 | Lair:4   | Gained mutation: Your muscles are strong. (Str +2) [potion of mutation]
 17163 | Lair:4   | Lost mutation: You are clumsy. (Dex -2) [potion of mutation]
 17163 | Lair:4   | Lost mutation: Your large and strong wings let you fly indefinitely. [potion of mutation]
 17163 | Lair:4   | Gained mutation: You have sharp toenails. [potion of mutation]
 17794 | Lair:4   | Reached skill level 5 in Dodging
 18284 | Lair:5   | Found a snail-covered altar of Cheibriados.
 19262 | Lair:5   | Got a steaming broad axe
 19264 | Lair:5   | Identified the +1 broad axe of Oxays {flame, MR+} (You found it on level 5 of the Lair of Beasts)
 19304 | Lair:5   | Found a staircase to the Slime Pits.
 19751 | Lair:6   | Entered Level 6 of the Lair of Beasts
 20285 | Lair:6   | Reached skill level 10 in Invocations
 21172 | Lair:6   | Paralysed by a hornet for 1 turns
 21505 | Lair:6   | Paralysed by a hornet for 2 turns
 21892 | Lair:6   | Found a runed door.
 22528 | Lair:6   | Mangled by a tyrant leech

Skill      XL: |  1  2  3  4  5  6  7  8  9 10 11 12 13 |
---------------+----------------------------------------+-----
Transmutations | 3 4 5 6 7 8 9 10 11 12 | 12.8
Unarmed Combat | 4 5 6 7 8 9 10 11 12 | 12.3
Fighting       | 4 6 7 |  7.8
Ice Magic      | 2 3 |  3.6
Invocations    | 3 6 7 9 10 | 10.4
Shields        | 4 5 |  5.0
Spellcasting   | 5 8 |  8.2
Dodging        | 4 5 |  5.5

Action                   |  1- 3 |  4- 6 |  7- 9 | 10-12 | 13-15 || total
-------------------------+-------+-------+-------+-------+-------++-------
Melee: Unarmed           |   140 |   139 |   284 |   705 |   246 ||  1514
       Tailslap          |     9 |     7 |     5 |    30 |    32 ||    83
       Kick              |     6 |     8 |     5 |       |       ||    19
       Headbutt          |     8 |     2 |     2 |     5 |       ||    17
       Punch             |     2 |     2 |     2 |     9 |     8 ||    23
Throw: Tomahawk          |       |       |       |     3 |       ||     3
 Cast: Beastly Appendage |    19 |    16 |    12 |     5 |       ||    52
       Sticks to Snakes  |     4 |     1 |     7 |    12 |     9 ||    33
       Spider Form       |       |     7 |    10 |     2 |       ||    19
       Ice Form          |       |       |    11 |    45 |    14 ||    70
       Blade Hands       |       |       |       |    22 |    32 ||    54
       Shroud of Golubri |       |       |       |     3 |       ||     3
Invok: Minor Destruction |       |       |       |     4 |       ||     4
       Lesser Servant of |       |       |       |    15 |    19 ||    34
 Abil: Breathe Fire      |       |       |     9 |     9 |     8 ||    26
       End Transformatio |       |       |     2 |     8 |     9 ||    19
Evoke: Wand              |       |       |     8 |     1 |     2 ||    11
       Fan of gales      |       |       |       |       |     1 ||     1
  Use: Scroll            |     5 |     3 |     3 |    15 |     9 ||    35
       Potion            |       |     2 |     3 |    13 |     5 ||    23
 Stab: Sleeping          |     1 |     1 |     2 |     1 |       ||     5
       Distracted        |       |       |     2 |     4 |     2 ||     8
       Petrified         |       |       |       |       |     7 ||     7
  Eat: Chunk             |     3 |     3 |     8 |    23 |     6 ||    43
       Ration            |       |     2 |     4 |     7 |     7 ||    20
Armor: Skin              |    83 |    32 |    51 |   141 |    50 ||   357
Dodge: Dodged            |   156 |   101 |   180 |   328 |   105 ||   870
Block: Other             |       |       |    49 |   161 |    60 ||   270
       Reflection        |       |       |    10 |     5 |       ||    15
       Buckler           |       |       |       |    52 |    20 ||    72
